Map: Tropic Shores

Players

Loken - Winner!

  • Race: Zerg Zerg
  • League: Platinum
  • Spawn Location: 6:00

Fimp

  • Race: Terran Terran
  • Spawn Location: 12:00

Pelden

  • Race: Zerg Zerg
  • Spawn Location: 0:00

Myran - Winner!

  • Race: Protoss Protoss
  • Spawn Location: 5:00

VOD

Have the link to the VOD?

Description

Time

  • Played on: April 7, 2017, 4:09 p.m.
  • Length: 16:27
Show
View Real Time Build Order
Export as new Build Order

Loken Zerg - Winner!

Build Orders: Hatch First 

Get SALT Encoding   

  12  0:01  Drone  
  13  0:13  Overlord  
  13  0:21  Drone  
  14  0:33  Drone x2  
  14  0:35  Drone  
  17  0:46  Drone  
  18  1:00  Hatchery, Drone  
  18  1:07  Drone  
  19  1:16  Spawning Pool  
  18  1:20  Drone  
  19  1:41  Hatchery  
  18  1:51  Extractor  
  17  2:02  Overlord  
  17  2:09  Queen  
  17  2:11  Queen  
  21  2:19  Drone x4  
  25  2:23  Extractor  
  24  3:03  Drone  
  24  3:04  Drone x6  
  31  3:09  Queen  
  33  3:25  Metabolic Boost  
  33  3:29  Lair  
  33  3:36  Extractor  
  33  3:40  Extractor  
  31  3:41  Drone  
  31  3:42  Drone x8  
  40  4:08  Overlord x2  
  40  4:09  Overlord x2  
  40  4:19  Evolution Chamber  
  40  4:21  Evolution Chamber  
  40  4:22  Evolution Chamber  
  35  4:34  Drone x7  
  35  4:35  Drone  
  43  4:50  Queen  
  45  5:12  Infestation Pit, Zerg Melee Weapons Level 1  
  45  5:13  Zerg Ground Armor Level 1  
  44  5:14  Zerg Missile Weapons Level 1  
  45  5:21  Drone  
  45  5:22  Drone x6  
  49  5:43  Zergling x10  
  49  5:44  Zergling x12  
  52  6:08  Hive  
  52  6:16  Drone x4  
  52  6:17  Drone x6  
  62  6:35  Overlord x3  
  61  6:56  Zergling x2  
  61  6:57  Zergling x20  
  66  7:12  Hydralisk Den  
  64  7:29  Zerg Melee Weapons Level 2, Zerg Missile Weapons Level 2  
  64  7:30  Zerg Ground Armor Level 2  
  64  7:33  Adrenal Glands  
  64  7:36  Queen  
  66  7:41  Queen  
  68  7:49  Muscular Augments  
  68  7:52  Drone, Extractor  
  68  7:53  Drone x11  
  68  7:54  Extractor  
  78  8:03  Pathogen Glands  
  78  8:29  Hydralisk  
  78  8:30  Hydralisk x8  
  78  8:33  Overlord  
  78  8:34  Overlord x4  
  96  8:53  Hatchery  
  95  9:03  Drone  
  95  9:04  Drone x4, Ultralisk Cavern  
  81  9:22  Hydralisk  
  81  9:23  Hydralisk x10  
  81  9:47  Queen  
  83  9:56  Chitinous Plating  
  83  9:59  Zerg Melee Weapons Level 3, Zerg Missile Weapons Level 3  
  83  10:00  Zerg Ground Armor Level 3  
  83  10:19  Drone x6  
  83  10:20  Drone x3  
  92  10:24  Lurker Den  
  92  10:31  Ultralisk  
  98  10:37  Hydralisk  
  98  10:38  Hydralisk x4  
  108  10:46  Queen  
  116  11:25  Ultralisk  
  116  11:26  Ultralisk x2  
  116  11:27  Zergling x4  
  116  11:28  Zergling x28  
  140  11:44  Overlord x4  
  140  11:46  Overlord x4  
  126  12:24  Hydralisk x9  
  126  12:25  Hydralisk x6  
  156  12:31  Spire  
  155  12:47  Zergling x16  
  147  13:25  Zergling x2  
  147  13:26  Zergling x36  
  147  13:27  Zergling x4  
  155  13:58  Corruptor  
  155  13:59  Corruptor x12  
  138  14:37  Zergling x2  
  138  14:38  Zergling x26  
  143  15:09  Mutalisk x2  
  143  15:10  Mutalisk x10  
Show
View Real Time Build Order
Export as new Build Order

Fimp Terran 

Build Orders: MMM Bio 

Get SALT Encoding   

  12  0:01  SCV  
  13  0:15  Supply Depot  
  13  0:19  SCV  
  14  0:31  SCV  
  15  0:39  Barracks  
  15  0:43  SCV  
  15  0:48  Refinery  
  16  0:56  SCV  
  17  1:08  SCV  
  18  1:26  SCV  
  19  1:46  Marine  
  20  1:50  Orbital Command  
  20  2:15  SCV  
  21  2:19  Factory  
  21  2:25  Barracks  
  21  2:27  SCV  
  21  2:29  Barracks  
  22  2:34  Barracks Reactor  
  22  2:38  Supply Depot  
  22  2:41  SCV  
  23  2:53  Command Center  
  23  2:59  SCV  
  24  3:09  Starport  
  24  3:10  Factory Reactor  
  24  3:13  Marine  
  24  3:14  Marine  
  24  3:19  Barracks Tech Lab  
  26  3:24  SCV  
  27  3:29  Refinery  
  27  3:37  Marine  
  27  3:38  Marine  
  27  3:40  Marauder  
  31  3:43  Barracks Reactor  
  31  3:48  Supply Depot  
  31  3:55  Engineering Bay  
  31  4:05  SCV  
  31  4:08  Supply Depot  
  32  4:15  Marauder  
  32  4:16  Marine x2  
  36  4:18  Medivac  
  36  4:22  SCV  
  39  4:26  Orbital Command  
  39  4:38  Marauder, Marine x2  
  42  4:40  Marine  
  42  4:41  Marine  
  45  4:47  Medivac  
  46  5:00  Stimpack  
  46  5:05  Marine x2  
  46  5:06  Marauder, Marine x2  
  52  5:16  Supply Depot  
  52  5:19  SCV x2  
  54  5:26  Marine x2  
  54  5:27  Marine  
  54  5:28  Marine  
  58  5:29  Marauder  
  58  5:33  Terran Infantry Weapons Level 1  
  60  5:54  Marauder  
  62  5:57  Medivac  
  64  6:05  Command Center  
  64  6:14  SCV x2  
  68  6:18  Marauder, Marine x2  
  70  6:26  Supply Depot  
  70  6:47  Marine x5  
  74  6:54  Medivac x2  
  78  7:07  SCV  
  78  7:15  SCV  
  78  7:17  Marauder, Marine x4  
  81  7:33  Medivac x2  
  85  7:40  Orbital Command  
  85  7:42  Supply Depot  
  85  7:44  Supply Depot  
  85  7:47  Barracks  
  85  7:49  Terran Infantry Armor Level 1  
  85  7:51  Combat Shields  
  85  7:57  Refinery  
  85  8:01  Refinery  
  85  8:03  SCV x2  
  87  8:07  Marine x3  
  87  8:08  Marine  
  87  8:09  Marauder, Medivac  
  95  8:15  SCV x2  
  97  8:34  Marine x3  
  97  8:35  Marine  
  97  8:36  Marauder  
  97  8:38  Barracks Reactor  
  103  8:42  SCV  
  103  8:43  SCV x2  
  106  8:54  SCV  
  106  8:55  SCV x2  
  92  9:19  Marine  
  92  9:20  Marine x5  
  92  9:22  Marauder, Medivac x2  
  85  9:37  Marine x2  
  87  9:44  Marine x4  
  91  9:46  Marauder  
  90  9:58  Liberator x2  
  90  10:05  Marine x2  
  90  10:06  Marine  
  93  10:08  Marauder  
  93  10:10  Marine x2  
  93  10:11  Marine  
  98  10:18  Factory Tech Lab  
  104  10:23  Marine x2  
  104  10:24  Marine  
  104  10:28  Marine x3  
  107  10:29  Marauder  
  112  10:41  Marine  
  111  10:50  Marauder  
  111  10:55  Marine  
  111  10:56  Marine x4  
  117  10:59  Marine  
  118  11:12  Marauder  
  118  11:13  Marine  
  121  11:31  Marine x4  
  121  11:33  Marauder  
  102  12:05  Marine x3  
  102  12:06  Marauder, Marine x3  
  110  12:09  Siege Tank  
  112  12:17  Medivac x2  
  116  12:22  Marine  
  116  12:23  Marine  
  113  12:41  Siege Tank  
  102  12:56  Marauder, Marine x3  
  102  12:57  Marine  
  102  12:58  Medivac  
  109  13:01  Medivac  
  36  14:19  SCV x2  
  27  14:31  SCV  
  27  14:34  Supply Depot  
  27  15:17  Missile Turret  
  27  15:25  Missile Turret  
  27  15:26  Missile Turret  
  27  15:28  Missile Turret  
  27  15:31  Missile Turret  
  27  15:33  Missile Turret  
  27  15:35  Missile Turret  
  27  15:36  Missile Turret  
  27  15:37  Missile Turret  
  27  15:38  Barracks  
  27  15:57  Missile Turret  
Show
View Real Time Build Order
Export as new Build Order

Pelden Zerg 

Build Orders: Hatch First 

Get SALT Encoding   

  12  0:01  Drone  
  13  0:15  Overlord  
  13  0:18  Drone  
  14  0:25  Extractor  
  14  0:26  Drone  
  15  0:33  Drone  
  16  0:40  Drone  
  17  0:48  Drone  
  18  1:00  Hatchery  
  18  1:01  Drone  
  18  1:09  Drone  
  19  1:19  Spawning Pool  
  19  1:22  Drone  
  19  1:33  Overlord, Extractor  
  18  1:42  Drone  
  19  2:03  Overlord  
  19  2:06  Queen  
  19  2:08  Drone  
  22  2:15  Queen, Drone  
  25  2:24  Drone x2  
  25  2:25  Extractor  
  26  2:36  Metabolic Boost  
  26  2:46  Drone x2  
  26  2:47  Drone  
  29  2:55  Overlord  
  29  2:58  Drone  
  30  3:08  Drone x3  
  30  3:09  Drone  
  34  3:14  Overlord  
  34  3:21  Zergling x2  
  34  3:22  Zergling x6  
  38  3:28  Zergling x2  
  38  3:29  Zergling x2  
  38  3:31  Zergling x2  
  41  3:38  Zergling x4  
  43  3:47  Zergling x2  
  43  3:48  Zergling x2  
  45  3:56  Drone x3  
  45  3:58  Drone x3  
  45  4:01  Drone  
  45  4:02  Extractor  
  51  4:11  Hatchery  
  47  4:28  Drone x2, Zergling x2  
  47  4:29  Drone x2  
  51  4:32  Overlord x3  
  51  4:35  Drone x2  
  52  4:41  Lair  
  50  4:46  Drone x2  
  50  4:49  Extractor  
  51  5:12  Drone x4  
  51  5:13  Drone  
  56  5:15  Extractor  
  56  5:17  Overlord  
  53  5:56  Queen, Drone  
  53  5:57  Drone x2  
  56  5:58  Drone x2  
  56  6:02  Infestation Pit  
  56  6:05  Drone  
  56  6:06  Drone  
  56  6:07  Spire  
  57  6:14  Drone x2  
  59  6:22  Drone  
  60  6:36  Drone x3  
  63  6:42  Zergling x6  
  66  6:53  Drone  
  66  6:54  Drone, Extractor  
  67  7:12  Spire  
  66  7:22  Zerg Flyer Weapons Level 1  
  66  7:23  Hive  
  66  7:25  Hatchery  
  65  7:33  Drone x2  
  67  7:59  Drone  
  67  8:00  Drone x2  
  67  8:04  Drone x3  
  73  8:08  Extractor  
  72  8:32  Extractor  
  71  8:47  Drone  
  72  8:52  Drone  
  73  8:58  Greater Spire  
  73  9:06  Burrow  
  73  9:11  Infestor x2  
  73  9:13  Corruptor  
  73  9:14  Corruptor x7  
  73  9:15  Corruptor  
  73  9:16  Zerg Flyer Armor Level 1  
  95  9:17  Overlord x3  
  95  9:18  Overlord x3  
  95  9:32  Overlord x2  
  95  9:46  Corruptor x2  
  95  9:47  Mutalisk x3, Corruptor  
  95  9:48  Mutalisk x4  
  115  9:57  Zergling x2  
  115  9:58  Zergling x10, Overlord  
  115  9:59  Overlord x3  
  121  10:03  Corruptor x2  
  121  10:04  Corruptor  
  127  10:12  Hatchery  
  126  10:18  Brood Lord x5  
  126  10:19  Brood Lord x4  
  144  10:21  Extractor  
  144  10:22  Mutalisk x3  
  144  10:23  Mutalisk  
  144  10:25  Overseer  
  151  10:29  Pneumatized Carapace  
  151  10:35  Drone x3  
  154  10:46  Extractor  
  153  10:59  Drone  
  154  11:18  Corruptor x3  
  154  11:19  Mutalisk x2, Corruptor  
  154  11:20  Zergling x6  
  154  11:21  Zergling x2, Overlord x4  
  170  11:29  Drone  
  171  11:35  Drone x2  
  171  11:37  Drone  
  164  12:02  Corruptor x2  
  164  12:03  Corruptor x2  
  164  12:08  Zerg Flyer Armor Level 2  
  140  12:17  Zergling x4  
  140  12:18  Zergling x28  
  150  12:37  Brood Lord  
  141  12:38  Brood Lord  
  141  12:39  Brood Lord x2  
  141  12:40  Zergling x16  
  141  12:41  Zergling x6  
  156  12:46  Brood Lord x5  
  156  12:49  Drone x3  
  169  12:53  Drone  
  133  13:28  Mutalisk, Corruptor x3  
  133  13:29  Mutalisk x7  
  133  13:30  Mutalisk  
  155  14:00  Zergling x14  
  155  14:01  Zergling x2  
  163  14:09  Mutalisk  
  161  14:10  Mutalisk x3  
  149  14:44  Brood Lord  
  143  14:47  Zergling x2  
  143  14:48  Zergling x22  
  143  14:50  Queen  
  145  15:02  Mutalisk x6  
  145  15:03  Mutalisk x3  
  145  15:04  Mutalisk x3  
  151  15:13  Mutalisk  
  141  15:25  Mutalisk x2  
  141  15:26  Mutalisk x7  
  151  15:40  Zergling x2  
  124  15:45  Mutalisk  
  124  15:46  Mutalisk x7  
Show
View Real Time Build Order
Export as new Build Order

Myran Protoss - Winner!

Build Orders:  

Get SALT Encoding   

  12  0:01  Probe (Chrono Boost)  
  13  0:18  Pylon, Probe (Chrono Boost)  
  14  0:29  Probe (Chrono Boost)  
  15  0:41  Gateway  
  15  0:43  Probe (Chrono Boost)  
  16  0:51  Assimilator  
  16  0:54  Probe (Chrono Boost)  
  17  1:04  Probe (Chrono Boost)  
  18  1:15  Probe (Chrono Boost)  
  20  1:25  Probe (Chrono Boost)  
  20  1:31  Cybernetics Core  
  20  1:34  Pylon  
  20  1:48  Probe (Chrono Boost)  
  21  2:01  Pylon  
  21  2:04  Warp Gate  
  21  2:09  Pylon, Probe (Chrono Boost)  
  21  2:12  Assimilator  
  21  2:14  Pylon  
  21  2:15  Stalker  
  24  2:21  Probe (Chrono Boost)  
  24  2:29  Forge  
  24  2:34  Pylon  
  24  2:35  Probe (Chrono Boost)  
  25  2:59  Nexus  
  25  3:05  Probe (Chrono Boost)  
  26  3:08  Stalker  
  28  3:30  Gateway  
  28  3:33  Photon Cannon  
  29  3:35  Probe (Chrono Boost)  
  29  3:47  Probe (Chrono Boost)  
  30  3:50  Protoss Ground Weapons Level 1  
  30  3:58  Stalker, Assimilator  
  32  4:02  Assimilator  
  32  4:07  Pylon  
  32  4:31  Zealot  
  28  5:12  Probe (Chrono Boost)  
  28  5:13  Photon Cannon  
  29  5:19  Probe (Chrono Boost)  
  30  5:22  Pylon  
  30  5:23  Probe (Chrono Boost)  
  31  5:30  Gateway, Nexus  
  31  5:32  Probe (Chrono Boost)  
  31  5:33  Probe (Chrono Boost)  
  33  5:42  Zealot  
  36  5:43  Zealot  
  36  5:44  Probe x2 (Chrono Boost)  
  37  5:56  Probe (Chrono Boost)  
  38  6:01  Photon Cannon  
  38  6:06  Pylon, Probe (Chrono Boost)  
  38  6:09  Photon Cannon  
  39  6:16  Probe (Chrono Boost)  
  35  6:27  Probe (Chrono Boost)  
  36  6:40  Pylon  
  36  6:49  Pylon  
  36  6:54  Stalker  
  38  6:55  Stalker  
  37  7:03  Pylon  
  35  7:12  Pylon  
  35  7:18  Zealot  
  35  7:19  Zealot  
  35  7:28  Stalker  
  37  7:37  Photon Cannon  
  37  7:40  Photon Cannon  
  37  7:45  Photon Cannon  
  37  7:47  Photon Cannon, Probe (Chrono Boost)  
  37  7:50  Probe (Chrono Boost)  
  39  7:57  Probe (Chrono Boost)  
  40  8:01  Probe (Chrono Boost)  
  40  8:04  Probe (Chrono Boost)  
  42  8:08  Probe (Chrono Boost)  
  42  8:11  Probe (Chrono Boost)  
  44  8:15  Probe (Chrono Boost)  
  44  8:18  Probe (Chrono Boost)  
  46  8:22  Probe (Chrono Boost)  
  46  8:23  Stalker  
  46  8:25  Probe (Chrono Boost)  
  50  8:29  Probe (Chrono Boost)  
  51  8:40  Stalker x2, Probe (Chrono Boost)  
  56  8:49  Pylon  
  56  8:53  Pylon, Probe (Chrono Boost)  
  56  8:54  Stalker  
  59  8:58  Protoss Ground Armor Level 1  
  59  9:01  Probe (Chrono Boost)  
  60  9:04  Probe (Chrono Boost)  
  61  9:12  Probe (Chrono Boost)  
  61  9:22  Probe (Chrono Boost)  
  60  9:37  Stalker x2  
  60  9:38  Stalker  
  66  9:43  Probe (Chrono Boost)  
  67  9:48  Photon Cannon  
  67  9:49  Photon Cannon  
  67  9:50  Probe (Chrono Boost)  
  68  9:53  Probe (Chrono Boost)  
  69  10:01  Probe (Chrono Boost)  
  69  10:04  Probe (Chrono Boost)  
  69  10:06  Twilight Council  
  71  10:11  Gateway, Probe (Chrono Boost)  
  72  10:14  Gateway  
  72  10:15  Probe (Chrono Boost)  
  72  10:18  Stalker x3  
  79  10:22  Probe (Chrono Boost)  
  81  10:36  Probe (Chrono Boost)  
  81  10:38  Probe (Chrono Boost)  
  82  10:45  Pylon  
  82  10:46  Probe (Chrono Boost)  
  82  10:49  Probe (Chrono Boost)  
  83  10:54  Stalker x3  
  88  11:31  Photon Cannon  
  88  11:32  Photon Cannon  
  88  11:34  Stalker x3  
  88  11:35  Photon Cannon  
  88  11:36  Photon Cannon  
  88  11:38  Photon Cannon  
  94  11:40  Photon Cannon, Blink  
  94  11:52  Stalker x2  
  85  12:12  Stalker x3  
  85  12:23  Stalker x2  
  64  13:13  Zealot x2  
  64  13:15  Zealot x2  
  64  13:16  Zealot  
  71  13:43  Stalker  
  71  13:44  Stalker x4  
  71  13:47  Nexus  
  81  13:48  Charge  
  81  13:58  Nexus  
  81  14:04  Nexus  
  81  14:07  Pylon  
  81  14:08  Stalker x3  
  87  14:11  Pylon  
  87  14:15  Pylon  
  87  14:23  Pylon  
  87  14:26  Pylon  
  87  14:40  Stalker  
  87  14:42  Stalker  
  91  15:01  Stalker  
  91  15:06  Stalker  
  94  15:19  Probe (Chrono Boost)  
  95  15:29  Probe (Chrono Boost)  
  96  15:40  Probe (Chrono Boost)  
  97  15:55  Probe (Chrono Boost)  
  98  15:57  Probe (Chrono Boost)  
  99  16:06  Probe (Chrono Boost)  
  99  16:08  Probe (Chrono Boost)  
  101  16:16  Probe (Chrono Boost)  
  101  16:17  Stalker x2  
Tags
 
Add a new tag
Caveats
  • Supply blocks, unpowered buildings, or Contaminate may cause inaccurate times.
  • Supply counts are checked every 10 seconds.